 Dungeon Crawl Stone Soup version 0.21.0-8-gf18e19db4a (webtiles) character file.

17308 NullDivider the Covert (level 12, -4/67 HPs)
             Began as a Spriggan Artificer on Jan 18, 2018.
             Was an Initiate of Gozag.
             Slain by a sixfirhy (9 damage)
             ... summoned by a deep elf mage
             ... on level 12 of the Dungeon.
             The game lasted 02:09:13 (22142 turns).

NullDivider the Covert (Spriggan Artificer)        Turns: 22142, Time: 02:09:14

Health: -4/67      AC:  4    Str:  8    XL:     12   Next: 17%
Magic:  20/20      EV: 30    Int: 13    God:    Gozag
Gold:   2418       SH:  0    Dex: 21    Spells: 11/11 levels left

rFire    + + .     SeeInvis +   l - +7 dagger (venom)
rCold    + . .     Gourm    .   (shield restricted)
rNeg     . . .     Faith    .   L - +2 robe {rC+ rF+}
rPois    .         Spirit   .   (helmet restricted)
rElec    .         Reflect  .   (no cloak)
rCorr    .         Harm     .   (gloves unavailable)
MR       ++...                  (boots unavailable)
Stlth    +++++++...             (no amulet)
HPRegen  0.21/turn              G - ring of protection from fire
MPRegen  0.17/turn              M - ring of stealth

@: gold aura, very quick
A: very small, unfitting armour, see invisible, herbivore, speed 3, slow
metabolism 2
a: Potion Petition, Call Merchant, Bribe Branch, Renounce Religion


You were on level 12 of the Dungeon.
You worshipped Gozag.
Gozag was most pleased with you.
You were near starving.

You visited 2 branches of the dungeon, and saw 16 of its levels.
You also visited: Labyrinth and Bailey.

You collected 2809 gold pieces.
You spent 301 gold pieces at shops.
You paid 90 gold pieces to Gozag.

Inventory:

Hand Weapons
 i - a +2 dagger of speed
 l - a +7 dagger of venom (weapon)
 D - a +0 shortbow
Missiles
 j - 272 arrows (quivered)
Armour
 J - a +2 buckler
 L - a +2 robe of resistance (worn)
Jewellery
 F - an uncursed ring of flight
 G - a ring of protection from fire (left hand)
 M - a ring of stealth (right hand)
 T - the ring of Teqist {Ice MR- Str+2 Int+5 Stlth+}
   (You found it in a labyrinth)

   [ring of ice]

   It enhances your ice magic.
   It affects your strength (+2).
   It affects your intelligence (+5).
   It makes you vulnerable to fire.
   It protects you from cold.
   It affects your resistance to hostile enchantments.
   It makes you more stealthy.
Wands
 a - a wand of digging (6)
 b - a wand of disintegration (28)
 N - a wand of flame (36)
 P - a wand of clouds (3)
 S - a wand of random effects (17)
Scrolls
 c - a scroll of identify
 e - a scroll of noise {unknown}
 g - 2 scrolls of fear {unknown}
 h - 3 scrolls of immolation
 k - 6 scrolls of teleportation
 m - a scroll of random uselessness {unknown}
 q - 2 scrolls of fog {unknown}
 u - 8 scrolls of remove curse
 A - 2 scrolls of blinking {unknown}
 B - a scroll of magic mapping {unknown}
 I - 2 scrolls of vulnerability {unknown}
Potions
 o - 4 potions of haste
 p - a potion of brilliance {unknown}
 r - a potion of berserk rage {unknown}
 s - a potion of flight {unknown}
 t - 9 potions of curing
 v - 2 potions of agility
 w - a potion of resistance {unknown}
 x - 4 potions of mutation
 z - a potion of degeneration {unknown}
 C - a potion of ambrosia {unknown}
 E - 2 potions of heal wounds
 H - 2 potions of might {unknown}
 K - 2 potions of lignification
 Q - a potion of cancellation {unknown}
Books
 n - a book of Frost

   Spells                             Type                      Level
   a - Freeze                         Ice                          1
   b - Throw Frost                    Conjuration/Ice              2
   c - Ozocubu's Armour               Charms/Ice                   3
   d - Throw Icicle                   Conjuration/Ice              4
   e - Summon Ice Beast               Ice/Summoning                4
 y - a book of Cantrips

   Spells                             Type                      Level
   a - Confusing Touch                Hexes                        1
   b - Animate Skeleton               Necromancy                   1
   c - Summon Small Mammal            Summoning                    1
   d - Apportation                    Translocation                1
 O - a book of Beasts

   Spells                             Type                      Level
   a - Summon Butterflies             Summoning                    1
   b - Call Canine Familiar           Summoning                    3
   c - Summon Ice Beast               Ice/Summoning                4
   d - Summon Mana Viper              Hexes/Summoning              5
   e - Summon Hydra                   Summoning                    7
 R - a book of Power

   Spells                             Type                      Level
   a - Iskenderun's Battlesphere      Conjuration/Charms           5
   b - Venom Bolt                     Conjuration/Poison           5
   c - Bolt of Magma                  Conjuration/Fire/Earth       5
   d - Iron Shot                      Conjuration/Earth            6
   e - Orb of Destruction             Conjuration                  7
   f - Spellforged Servitor           Conjuration/Summoning        7
Comestibles
 f - 5 rations


   Skills:
 * Level 10.0 Fighting
 + Level 9.0 Short Blades
 + Level 4.8 Bows
 + Level 11.9 Dodging
 + Level 12.5 Stealth
 - Level 10.0 Evocations


You had 11 spell levels left.
You didn't know any spells.

Dungeon Overview and Level Annotations

Branches:
Dungeon (15/15)            Temple (1/1) D:4            Lair (0/6) D:11
    Orc (0/2) D:9
 Vaults: D:13-14     Depths: D:15

Altars:
Ashenzari
Cheibriados
Dithmenos
Elyvilon
Fedhas
Gozag
Kikubaaqudgha
Makhleb
Nemelex Xobeh
Okawaru
Ru
Sif Muna
Trog
Uskayaw
Xom
Yredelemnul
Zin
The Shining One

Shops:
D:10 *   D:11 !   D:15 %

Annotations:
D:7 SnubMonkey's ghost, novice OgHu
D:9 rabbit's ghost, journeyman VSMo
D:11 Noxor's ghost, journeyman SpEn
D:12 Schimscham's ghost, journeyman MiBe


Innate Abilities, Weirdness & Mutations

You are very small and have problems with some larger weapons.
You are too small for most types of armour.
You have supernaturally acute eyesight. (SInv)
You are a herbivore.
You cover ground extremely quickly.
You need consume almost no food.


Message History

The deep elf mage casts a spell.
Found a robe.
Found a stone staircase leading down.
Found a scroll of teleportation.
The sixfirhy hits you! The sixfirhy shocks you!
Found 23 gold pieces and a scroll labeled QYFULO QUERR.
Found a potion of curing.
You see here 23 gold pieces.
The sixfirhy hits you! The sixfirhy shocks you!
* * * LOW HITPOINT WARNING * * *
The sixfirhy closely misses you.
Evoke which item? (* to show all) (? for menu, Esc to quit)
Aiming: Enslavement
Press: ? - help, Shift-Dir - straight line, f - sixfirhy
Aim: a sixfirhy (summoned, chance to defeat MR: 37%)
The sixfirhy resists with some effort.
The now-empty wand crumbles to dust.
The sixfirhy hits you!
* * * LOW HITPOINT WARNING * * *
The sixfirhy shocks you!
You die...
Your body crumbles into a pile of gold.

?. #.#!......'....
### ...
#.#.......###..
.... #.#.......#
..... #.#.......#
......#.#####....
#
........#####.####
..Z..#.Z......#
..## #.....$..#
#.....3@.#
#....?...#
##>..[.....
#######.....
....... .......
!...... #######


You could see a sixfirhy and a centaur zombie.

Vanquished Creatures
  Snorg (D:11)
  A minotaur (Lab)
  A hydra (D:11)
  3 two-headed ogres
  2 skeletal warriors (D:10)
  An orc knight (Bailey)
  2 ugly things
  A queen bee (D:8)
  2 trolls
  A minotaur zombie (Lab)
  A hippogriff (D:11)
  A wraith (D:14)
  Eustachio (D:4)
  A wyvern (D:14)
  3 hungry ghosts
  A steam dragon (D:11)
  7 yaks
  2 wargs (D:9)
  8 jellies
  4 ice beasts
  6 orc warriors
  4 sky beasts
  A black bear (D:11)
  3 phantoms
  4 ogres
  4 centaurs
  A big kobold (D:11)
  Blork the orc (D:6)
  7 bullfrogs
  A gnoll sergeant (D:11)
  A wyvern zombie (D:9)
  4 scorpions
  21 killer bees
  11 howler monkeys
  6 crimson imps
  3 centaur zombies
  A bullfrog zombie (D:7)
  6 orc priests
  15 orc wizards
  2 bullfrog skeletons (D:10)
  3 centaur skeletons
  6 hounds
  3 iguanas
  9 worker ants
  A killer bee zombie (D:9)
  A hound skeleton (D:9)
  2 worker ant zombies
  7 gnolls
  12 adders
  6 shadow imps
  9 oozes
  3 adder skeletons
  4 worms
  4 dart slugs
  7 leopard geckos
  51 orcs
  3 ball pythons
  6 bats
  6 giant cockroaches
  22 goblins
  9 hobgoblins
  9 jackals
  3 quokkas
  7 frilled lizards
  A jackal skeleton (D:6)
  21 kobolds
  10 rats
  A plant (D:2)
372 creatures vanquished.

Vanquished Creatures (collateral kills)
  A warg (D:15)
  A hippogriff (D:15)
  A jelly (D:6)
  An orc priest (D:15)
  An orc wizard (D:15)
  4 oozes (D:6)
  An orc (D:3)
10 creatures vanquished.

Vanquished Creatures (others)
  An orc knight (D:15)
  A troll (D:15)
  A slime creature (D:6)
  An orc priest (D:7)
  20 fungi
  3 plants (D:11)
27 creatures vanquished.

Grand Total: 409 creatures vanquished

Notes
Turn   | Place    | Note
-------+----------+-------------------------------------------
     0 | D:1      | NullDivider the Spriggan Artificer began the quest for the Orb.
     0 | D:1      | Reached XP level 1. HP: 9/9 MP: 4/4
   214 | D:1      | Reached skill level 1 in Fighting
   250 | D:1      | Reached skill level 2 in Stealth
   250 | D:1      | Reached XP level 2. HP: 3/14 MP: 6/6
  1026 | D:1      | Reached XP level 3. HP: 18/18 MP: 7/7
  1309 | D:2      | Found a faded altar of an unknown god.
  1726 | D:2      | Reached skill level 3 in Stealth
  1726 | D:2      | Reached XP level 4. HP: 14/23 MP: 8/8
  3397 | D:3      | Reached XP level 5. HP: 11/27 MP: 9/9
  3810 | D:4      | Noticed a phantom
  3832 | D:4      | Killed a phantom
  3832 | D:4      | Reached skill level 4 in Stealth
  3832 | D:4      | Reached skill level 5 in Evocations
  4201 | D:4      | Noticed Eustachio
  4235 | D:4      | Killed Eustachio
  4235 | D:4      | Reached skill level 5 in Dodging
  4235 | D:4      | Reached XP level 6. HP: 14/32 MP: 9/11
  4622 | D:4      | Found an iron altar of Okawaru.
  4822 | D:4      | Found a staircase to the Ecumenical Temple.
  5130 | D:4      | You fall through a shaft for 2 floors!
  5202 | D:6      | Reached XP level 7. HP: 25/36 MP: 12/12
  5417 | D:5      | Entered Level 5 of the Dungeon
  5423 | D:5      | Reached skill level 5 in Stealth
  7199 | D:5      | Reached XP level 8. HP: 42/42 MP: 13/13
  7208 | D:5      | Reached skill level 6 in Stealth
  7440 | Temple   | Entered the Ecumenical Temple
  7471 | Temple   | Became a worshipper of Gozag Ym Sagoz the Greedy
  7589 | D:6      | Noticed Blork the orc
  7592 | D:6      | Killed Blork the orc
  8274 | D:6      | Reached skill level 5 in Fighting
  8854 | D:6      | Reached skill level 7 in Stealth
  9161 | D:6      | Reached skill level 5 in Short Blades
  9232 | D:6      | Noticed a slime creature
  9293 | D:6      | Reached XP level 9. HP: 15/48 MP: 15/15
 10223 | D:7      | Noticed SnubMonkey's ghost (novice OgHu)
 10668 | D:7      | Noticed a brown ugly thing
 11352 | D:7      | Killed a red ugly thing
 11352 | D:7      | Reached skill level 8 in Stealth
 12854 | D:8      | Reached skill level 9 in Stealth
 13096 | D:8      | Noticed a queen bee
 13108 | D:8      | Reached XP level 10. HP: 36/55 MP: 17/17
 14367 | D:9      | Reached skill level 10 in Stealth
 14834 | D:9      | Found a staircase to the Orcish Mines.
 15042 | D:9      | Noticed rabbit's ghost (journeyman VSMo)
 15630 | D:10     | Entered Level 10 of the Dungeon
 15882 | D:10     | Found the +12 glaive of Prune {chop}
 15955 | D:10     | Reached skill level 10 in Dodging
 16198 | D:10     | Found a flagged portal.
 16209 | Bailey   | Entered a bailey
 16313 | Bailey   | Noticed an orc knight
 16316 | Bailey   | Killed an orc knight
 16332 | Bailey   | Found a bloodstained altar of Trog.
 16332 | Bailey   | Noticed an orc knight
 16676 | D:10     | Reached XP level 11. HP: 51/60 MP: 19/19
 17032 | D:10     | Noticed a two-headed ogre
 17037 | D:10     | Killed a two-headed ogre
 17037 | D:10     | Reached skill level 11 in Stealth
 17037 | D:10     | Reached skill level 10 in Evocations
 17040 | D:10     | Found Dacod's Assorted Antiques.
 17066 | D:10     | Bought an embroidered robe for 81 gold pieces
 17066 | D:10     | Bought a scroll of identify for 44 gold pieces
 17124 | D:10     | Noticed a skeletal warrior
 17126 | D:10     | Noticed a skeletal warrior
 17127 | D:10     | Noticed a skeletal warrior
 17127 | D:10     | Noticed a skeletal warrior
 17129 | D:10     | Killed a skeletal warrior
 17337 | D:10     | Killed a skeletal warrior
 17337 | D:10     | Reached skill level 1 in Bows
 17860 | D:10     | Found a glowing golden altar of the Shining One.
 18184 | D:11     | Noticed a purple ugly thing
 18186 | D:11     | Killed a purple ugly thing
 18249 | D:11     | Found a staircase to the Lair.
 18380 | D:11     | Noticed a two-headed ogre
 18402 | D:11     | Found Peant's Distillery.
 18405 | D:11     | Killed a two-headed ogre
 18438 | D:11     | Bought a potion of heal wounds for 80 gold pieces
 18438 | D:11     | Bought a potion of lignification for 48 gold pieces
 18438 | D:11     | Bought a potion of curing for 48 gold pieces
 18598 | D:11     | Noticed Snorg
 18602 | D:11     | Killed Snorg
 18730 | D:11     | Noticed Noxor's ghost (journeyman SpEn)
 18845 | D:11     | Noticed an eight-headed hydra
 18963 | D:11     | Killed an eight-headed hydra
 18963 | D:11     | Reached skill level 12 in Stealth
 19965 | D:11     | You fall through a shaft for 3 floors!
 20123 | D:12     | You fall through a shaft for 3 floors!
 20123 | D:15     | Entered Level 15 of the Dungeon
 20135 | D:15     | Noticed a two-headed ogre
 20135 | D:15     | Noticed a cyan ugly thing
 20135 | D:15     | Noticed a cyan ugly thing
 20149 | D:15     | Noticed an orc knight
 20153 | D:15     | Found a sparkling altar of Nemelex Xobeh.
 20159 | D:15     | Noticed a centaur warrior
 20159 | D:15     | Noticed a skeletal warrior
 20164 | D:15     | Noticed a death knight
 20277 | D:15     | Found Jyumyqadgh's Food Emporium.
 20363 | D:14     | Noticed a two-headed ogre
 20380 | D:14     | Noticed a centaur warrior
 20405 | D:14     | Noticed a brown ugly thing
 20406 | D:14     | Noticed a brown ugly thing
 20406 | D:14     | Noticed a brown ugly thing
 20407 | D:14     | Noticed a brown ugly thing
 20407 | D:14     | Noticed a brown ugly thing
 20408 | D:14     | Noticed a brown ugly thing
 20438 | D:15     | Found a labyrinth entrance.
 20441 | D:15     | Noticed a cyan ugly thing
 20441 | D:15     | Noticed a cyan ugly thing
 20452 | Lab      | Entered a labyrinth
 20843 | Lab      | Noticed a minotaur
 20860 | Lab      | Killed a minotaur
 20860 | Lab      | Reached XP level 12. HP: 14/67 MP: 20/20
 20982 | Lab      | Got a clouded glass ring
 21132 | D:15     | Identified the ring of Teqist {Ice MR- Str+2 Int+5 Stlth+} (You found it in a labyrinth)
 21383 | D:13     | Noticed a centaur warrior
 21894 | D:12     | Noticed a two-headed ogre
 21894 | D:12     | Noticed Schimscham's ghost (journeyman MiBe)
 21896 | D:12     | Killed a two-headed ogre
 22130 | D:12     | Reached skill level 10 in Fighting
 22142 | D:12     | Slain by a sixfirhy

Skill      XL: |  1  2  3  4  5  6  7  8  9 10 11 12 |
---------------+-------------------------------------+-----
Fighting       | 1 2 3 4 5 7 8 9 10 | 10.0
Stealth        | 2 3 4 5 7 9 10 12 | 12.5
Short Blades   | 2 3 5 6 7 8 9 |  9.0
Dodging        | 4 5 6 7 9 10 11 | 11.9
Evocations     | 5 6 7 8 9 10 | 10.0
Bows           | 4 |  4.8

Action                   |  1- 3 |  4- 6 |  7- 9 | 10-12 || total
-------------------------+-------+-------+-------+-------++-------
Melee: Short sword       |    68 |       |       |       ||    68
       Dagger            |   103 |   156 |   490 |   641 ||  1390
 Fire: Shortbow          |       |       |       |    99 ||    99
Evoke: Wand              |       |     9 |    27 |    39 ||    75
  Use: Scroll            |       |       |    11 |     9 ||    20
 Stab: Sleeping          |     8 |     7 |    14 |    34 ||    63
       Distracted        |       |     1 |     2 |     8 ||    11
  Eat: Ration            |       |     1 |     4 |     4 ||     9
Armor: Robe              |    11 |    10 |     7 |    15 ||    43
Dodge: Dodged            |   104 |   105 |   315 |   397 ||   921
